AoeStats
← Ssnow

Arena

510680788Analyzed
2v2 RM · 1d ago on Oct 2, 2026· 25m 45s· 4 players
Game mode
Random Map
Map size
Medium (4 player)
Population
200
Speed
Normal
Resources
Standard
Victory
Conquest
Starting age
Dark Age
Ending age
Imperial Age
RankedLock teamsTeams togetherTeam positionsShared explorationLock speedFull tech treeHidden civsTurbo modeCheats
Victory
Defeat
🇲🇽 Byzantines · Mexico
1061
+12
🇲🇽 Magyars · Mexico
955
+17
🇲🇽 Varangians · Mexico
998
-15
🇲🇽 Britons · Mexico
955
-14
Ssnow
2:45 Loom
5:30 Loom
12:25 Feudal Age
16:06 Castle Age
14:18 Double-Bit Axe
15:16 Horse Collar
18:37 Bow Saw
19:35 Town Watch
21:10 Gold Mining
21:38 Heavy Plow
23:36 Wheelbarrow
Catsby
9:41 Feudal Age
16:26 Castle Age
15:45 Double-Bit Axe
16:02 Gold Mining
16:40 Fletching
17:16 Crossbowman
21:37 Ballistics
22:45 Pikeman
9miniUzzi
10:51 Feudal Age
14:58 Castle Age
14:24 Double-Bit Axe
21:08 Loom
26:15 Wheelbarrow
Garra_Jaguar
0:26 Loom
10:07 Feudal Age
16:55 Castle Age
16:12 Stone Mining
19:18 Scale Barding Armor
20:57 Double-Bit Axe
Connection lost

Rejoining the realm…

Still unreachable

The connection could not be restored.

Session expired

The server has moved on; the page needs a fresh start.